[Event "Titled Tuesday Blitz November 22 Late 2022"]
[White "Annaberdiyev, Babageldi"]
[Black "Djordjevic, Vuk"]
[WhiteFideId "14000385"]
[BlackFideId "902098"]
[WhiteElo "2332"]
[BlackElo "2456"]
[Result "1/2-1/2"]
[Round "11"]
[TimeControl "180+1"]
[Date "2022.11.23"]
[WhiteClock "0:01:33"]
[BlackClock "0:00:04"]

1. e4 d5 2. exd5 Qxd5 3. Nc3 Qd6 4. d4 Nf6 5. Nf3 c6 6. g3 Bg4 7. Bg2 e6 8. Bf4 Qd8 9. h3 Bxf3 10. Qxf3 Bd6 11. O-O-O O-O 12. h4 Bxf4+ 13. Qxf4 Nd5 14. Bxd5 cxd5 15. h5 h6 16. g4 Nc6 17. Rhg1 Qg5 18. Qxg5 hxg5 19. Ne2 f5 20. f4 gxf4 21. Nxf4 Rae8 22. Ng6 Rf7 23. g5 f4 24. c3 f3 25. Rdf1 e5 26. dxe5 Nxe5 27. Nxe5 Rxe5 28. Rf2 Rff5 29. h6 g6 30. Kd2 Kh7 31. Rg3 Rxg5 32. Rxg5 Rxg5 33. Rxf3 Rf5 34. Re3 Rf7 35. Rh3 g5 36. Ke3 Kg6 37. Kd4 Rh7 38. Kxd5 g4 39. Rh1 Rxh6 40. Rg1 Kf5 41. c4 Kf4 42. c5 Kf3 43. b4 g3 44. b5 Rg6 45. c6 bxc6+ 46. bxc6 Kf2 47. Rc1 g2 48. c7 Rg8 49. Kd6 g1=Q 50. Rxg1 Kxg1 51. Kd7 Rg7+ 52. Kd6 Rg8 53. Kd7 Rg7+ 54. Kd6 Rg8 1/2-1/2


[Site "https://www.chess.com"]

[Event "Titled Tuesday Blitz November 22 Late 2022"]
[White "Arbunic Castro, Giovanna"]
[Black "Sariego Figueredo, Wilfredo"]
[WhiteFideId "3400549"]
[BlackFideId "3500080"]
[WhiteElo "2005"]
[BlackElo "2309"]
[Result "1-0"]
[Round "11"]
[TimeControl "180+1"]
[Date "2022.11.23"]
[WhiteClock "0:02:50"]
[BlackClock "0:02:19"]

1. e4 c5 2. g3 a6 3. Bg2 Nc6 4. Ne2 b5 5. c3 Bb7 6. O-O e5 7. d4 cxd4 8. cxd4 exd4 9. Nxd4 Nxd4 10. Qxd4 Qf6 11. e5 Bxg2 12. exf6 1-0


[Site "https://www.chess.com"]

[Event "Titled Tuesday Blitz November 22 Late 2022"]
[White "Arngrimsson, Dagur"]
[Black "Sztokbant, Bernardo Vainzoff"]
[WhiteFideId "2301288"]
[BlackFideId "2115956"]
[WhiteElo "2286"]
[BlackElo "2228"]
[Result "1-0"]
[Round "11"]
[TimeControl "180+1"]
[Date "2022.11.23"]
[WhiteClock "0:02:22"]
[BlackClock "0:02:16"]

1. e4 c5 2. Nf3 d6 3. d4 cxd4 4. Nxd4 Nf6 5. Nc3 Nc6 6. Bc4 e6 7. Bb3 Be7 8. O-O O-O 9. f4 Qc7 10. f5 e5 11. Nde2 Na5 12. Nd5 Qd8 13. Nxe7+ Qxe7 14. Bg5 Nxb3 15. axb3 h6 16. Bh4 b6 17. Ng3 Bb7 18. Nh5 Bxe4 19. Bxf6 Qc7 20. Qg4 1-0


[Site "https://www.chess.com"]

[Event "Titled Tuesday Blitz November 22 Late 2022"]
[White "Averjanov, Alexey"]
[Black "Tomaszewski, Kacper"]
[WhiteFideId "14109867"]
[BlackFideId "1127373"]
[WhiteElo "2595"]
[BlackElo "2211"]
[Result "1-0"]
[Round "11"]
[TimeControl "180+1"]
[Date "2022.11.23"]
[WhiteClock "0:01:18"]
[BlackClock "0:00:02"]

1. d4 Nf6 2. c4 e6 3. Nf3 d5 4. e3 c5 5. dxc5 Bxc5 6. a3 dxc4 7. Qxd8+ Kxd8 8. Bxc4 a6 9. b4 Ba7 10. Bb2 Ke7 11. Nc3 b5 12. Be2 Bb7 13. O-O Nbd7 14. Rfd1 Rhd8 15. a4 bxa4 16. Rxa4 Nb6 17. Ra5 Rxd1+ 18. Nxd1 Bb8 19. b5 axb5 20. Rxb5 Bc7 21. Bd4 Ba6 22. Rb2 Bxe2 23. Rxe2 Nbd7 24. Rc2 Bd6 25. Kf1 e5 26. Bc3 Rc8 27. Ra2 Ne4 28. Be1 Rc1 29. Ke2 f6 30. Bd2 Rb1 31. Nc3 Nxc3+ 32. Bxc3 Bc5 33. Nd2 Rh1 34. h3 Rg1 35. g3 Rh1 36. h4 h5 37. Ne4 Bb6 38. Bb4+ Ke6 39. Rd2 Bc7 40. Rc2 Rb1 41. Rc6+ Kd5 42. Rxc7 Kxe4 43. Rxd7 Rxb4 44. f3+ Kf5 45. Rxg7 Rb2+ 46. Kf1 Rb1+ 47. Kg2 Rb2+ 48. Kh3 e4 49. g4+ hxg4+ 50. fxg4+ Ke6 51. Kg3 Re2 52. Kf4 Rh2 53. h5 Rh4 54. Rg6 Kd5 55. Rxf6 Rh1 56. Rf5+ Kc4 57. Kxe4 Rg1 58. g5 Kc3 59. h6 Kd2 60. h7 Rh1 61. g6 1-0


[Site "https://www.chess.com"]

[Event "Titled Tuesday Blitz November 22 Late 2022"]
[White "Baltaci, Ismail Tarik"]
[Black "Salman, Pavel"]
[WhiteFideId "6365213"]
[BlackFideId "24153753"]
[WhiteElo "2348"]
[BlackElo "2187"]
[Result "1-0"]
[Round "11"]
[TimeControl "180+1"]
[Date "2022.11.23"]
[WhiteClock "0:00:54"]
[BlackClock "0:00:17"]

1. e4 d6 2. d4 Nf6 3. Nc3 g6 4. Be3 Bg7 5. Qd2 O-O 6. O-O-O c5 7. Nf3 Qa5 8. Kb1 Nc6 9. h3 cxd4 10. Nxd4 Nxd4 11. Bxd4 Be6 12. Nd5 Qxd2 13. Nxf6+ Bxf6 14. Rxd2 Bxd4 15. Rxd4 Rac8 16. Bd3 Rc5 17. f4 f5 18. Re1 Rc7 19. e5 d5 20. Rg1 a5 21. g4 fxg4 22. hxg4 b6 23. f5 Bc8 24. Rxd5 e6 25. fxe6 Bxe6 26. Rd6 Bc4 27. Bxc4+ Rxc4 28. b3 Re4 29. e6 Re8 30. Rxb6 R8xe6 31. Rxe6 Rxe6 32. g5 Re5 33. Kb2 Kf7 34. a3 Ke6 35. b4 a4 36. Kc3 Re3+ 37. Kb2 Kf5 38. c4 Rb3+ 39. Ka2 Ke4 40. c5 Kd5 41. Rd1+ Kc6 42. Rd6+ Kc7 43. Ra6 Rg3 44. Rxa4 Kb7 45. Ra5 Rxg5 46. c6+ Kxc6 47. Rxg5 Kb6 48. Kb3 h6 49. Rxg6+ 1-0


[Site "https://www.chess.com"]

[Event "Titled Tuesday Blitz November 22 Late 2022"]
[White "Baskakov, Egor"]
[Black "Nasuta, Grzegorz"]
[WhiteFideId "24197866"]
[BlackFideId "1141686"]
[WhiteElo "2211"]
[BlackElo "2440"]
[Result "0-1"]
[Round "11"]
[TimeControl "180+1"]
[Date "2022.11.23"]
[WhiteClock "0:00:48"]
[BlackClock "0:01:08"]

1. e4 c5 2. Nf3 d6 3. d4 cxd4 4. Nxd4 Nf6 5. Nc3 a6 6. a4 e6 7. g3 b6 8. Bg2 Bb7 9. O-O Nbd7 10. Re1 Qc7 11. Nb1 Be7 12. b3 O-O 13. c4 Nc5 14. Nc3 Rfd8 15. Bg5 h6 16. Bd2 Bf8 17. Qc2 Rac8 18. Rad1 Qb8 19. Bc1 d5 20. exd5 exd5 21. cxd5 Nxd5 22. Nxd5 Bxd5 23. Bxd5 Rxd5 24. Nf5 Nd3 25. Qb1 Nxe1 26. Rxd5 Qb7 27. Ne3 Nc2 28. Rd1 Qf3 29. Bd2 Nd4 30. Qd3 Rd8 31. Re1 Qa8 0-1


[Site "https://www.chess.com"]

[Event "Titled Tuesday Blitz November 22 Late 2022"]
[White "Bazzano, Sebastian"]
[Black "Prydun, Andriy"]
[WhiteFideId "104566"]
[BlackFideId "14145898"]
[WhiteElo "2217"]
[BlackElo "2163"]
[Result "1-0"]
[Round "11"]
[TimeControl "180+1"]
[Date "2022.11.23"]
[WhiteClock "0:00:03"]
[BlackClock "0:00:06"]

1. d4 e6 2. Bf4 c5 3. Nc3 cxd4 4. Qxd4 Nc6 5. Qd2 Nf6 6. e4 Bb4 7. Bd3 d5 8. exd5 Nxd5 9. Nge2 O-O 10. a3 Nxf4 11. Qxf4 Be7 12. O-O-O Qa5 13. Kb1 e5 14. Qe4 g6 15. h4 Be6 16. h5 f5 17. Qe3 g5 18. f4 Qb6 19. Qxb6 axb6 20. fxe5 Nxe5 21. Nd4 Bd7 22. Bb5 Bxb5 23. Ndxb5 Nc6 24. Nd5 Bc5 25. Nbc7 Rac8 26. Ne6 Rfe8 27. Nf6+ Kh8 28. Nxe8 Rxe8 29. Nxg5 h6 30. Nf3 Re2 31. Nh4 Nd4 32. c3 Nb5 33. Rhe1 Rxe1 34. Rxe1 Bf2 35. Re8+ Kg7 36. Nxf5+ Kf7 37. Rb8 Kf6 38. Nd4 Nxd4 39. cxd4 Bxd4 40. Rxb7 Kg5 41. b4 Kxh5 42. a4 Kg4 43. Rb8 Kg3 44. Rg8+ Kf2 45. a5 bxa5 46. bxa5 h5 47. Kc2 h4 48. Kd3 Ba7 49. Kc4 Kg1 50. Kb5 Bf2 51. a6 Kh2 52. Kc6 Kg1 53. Kb7 1-0


[Site "https://www.chess.com"]

[Event "Titled Tuesday Blitz November 22 Late 2022"]
[White "Bortnyk, Olexandr"]
[Black "Kollars, Dmitrij"]
[WhiteFideId "14120828"]
[BlackFideId "12909572"]
[WhiteElo "2723"]
[BlackElo "2584"]
[Result "0-1"]
[Round "11"]
[TimeControl "180+1"]
[Date "2022.11.23"]
[WhiteClock "0:00:01"]
[BlackClock "0:00:15"]

1. e4 e5 2. Nf3 Nc6 3. Bb5 a6 4. Ba4 Nf6 5. Qe2 b5 6. Bb3 Be7 7. c3 O-O 8. d3 d5 9. h3 Re8 10. O-O h6 11. Rd1 Be6 12. Nbd2 a5 13. Nf1 a4 14. Bc2 d4 15. a3 Nd7 16. cxd4 Nxd4 17. Nxd4 exd4 18. f4 Nc5 19. f5 Bb3 20. Bf4 Bxc2 21. Qxc2 Nb3 22. Rab1 c5 23. Re1 Bg5 24. Bxg5 Qxg5 25. Rbd1 Rac8 26. Nh2 c4 27. Nf3 Qd8 28. e5 Qd5 29. dxc4 bxc4 30. Qf2 d3 31. Qh4 c3 32. bxc3 Rxc3 33. f6 d2 34. Rf1 Qd3 35. fxg7 Qe3+ 36. Kh2 Rc1 37. Qf6 Rxd1 38. Rxd1 Re6 39. Qd8+ Kxg7 40. Nxd2 Qxe5+ 41. Kh1 Rd6 42. Qh4 Rxd2 43. Rxd2 Nxd2 44. Qg4+ Kh7 45. Qd1 Qf4 46. Qc2+ Ne4 47. Qxa4 Ng3+ 0-1


[Site "https://www.chess.com"]

[Event "Titled Tuesday Blitz November 22 Late 2022"]
[White "Burke, Paul"]
[Black "chess50years"]
[WhiteFideId "2605767"]
[WhiteElo "1935"]
[BlackElo "2084"]
[Result "0-1"]
[Round "11"]
[TimeControl "180+1"]
[Date "2022.11.23"]
[WhiteClock "0:00:25"]
[BlackClock "0:00:04"]

1. e4 c6 2. d4 d5 3. exd5 cxd5 4. c4 Nf6 5. Nc3 e6 6. Nf3 Bb4 7. Be2 dxc4 8. Bxc4 O-O 9. O-O b6 10. a3 Bxc3 11. bxc3 Bb7 12. Be2 Nbd7 13. h3 Qc7 14. c4 Rac8 15. Be3 Bxf3 16. Bxf3 Qxc4 17. Rc1 Qa6 18. Rxc8 Rxc8 19. Qb3 Qc4 20. Qb2 Nd5 21. Rc1 Qa6 22. Rxc8+ Qxc8 23. Bxd5 exd5 24. Qb5 Qb7 25. Qb4 Nf6 26. Qd6 Qd7 27. Qb8+ Ne8 28. Qe5 f6 29. Qb8 Kf7 30. Qf4 h6 31. Bd2 Nd6 32. Bb4 Nc4 33. Qb8 a5 34. Qf8+ Kg6 35. Be7 Qe6 36. Bd8 Qd6 37. Be7 Qd7 38. Bd8 a4 39. Be7 b5 40. Bb4 h5 41. Qc5 Kh7 42. Qf8 Qc6 43. Qf7 Kh6 44. Bf8 Kg5 45. Qxg7+ Kf5 46. Qh7+ Ke6 47. Qxh5 Nd6 48. Qg4+ Kf7 49. Bxd6 Qxd6 50. Qg3 Qxg3 51. fxg3 b4 52. axb4 a3 53. b5 a2 54. b6 a1=Q+ 0-1


[Site "https://www.chess.com"]

[Event "Titled Tuesday Blitz November 22 Late 2022"]
[White "Cardoso Cardoso, Jose Gabriel"]
[Black "Sadhwani, Raunak"]
[WhiteFideId "4430492"]
[BlackFideId "35093487"]
[WhiteElo "2484"]
[BlackElo "2656"]
[Result "0-1"]
[Round "11"]
[TimeControl "180+1"]
[Date "2022.11.23"]
[WhiteClock "0:00:01"]
[BlackClock "0:00:12"]

1. d4 g6 2. h4 Nf6 3. Nc3 d5 4. Bf4 Bg7 5. e3 h5 6. Nf3 Bg4 7. Nb5 Na6 8. Be2 c6 9. Nc3 Bxf3 10. Bxf3 Qb6 11. Qd2 O-O 12. O-O-O Qa5 13. Kb1 Rfd8 14. Be2 Nd7 15. g4 e5 16. Bg3 exd4 17. exd4 b5 18. Rde1 c5 19. gxh5 cxd4 20. Ne4 Nb4 21. a3 dxe4 22. axb4 Qb6 23. hxg6 fxg6 24. h5 Nf6 25. hxg6 a5 26. Be5 Rd5 27. f4 Rad8 28. Rh7 Nxh7 29. gxh7+ Kh8 30. Bxg7+ Kxg7 31. h8=Q+ Rxh8 32. Rg1+ Kf8 33. bxa5 Qc5 34. a6 d3 35. cxd3 Qxg1+ 36. Ka2 Qd4 37. Bd1 Rh6 38. Bb3 Rxa6+ 0-1


[Site "https://www.chess.com"]

[Event "Titled Tuesday Blitz November 22 Late 2022"]
[White "Castillo Pena, Patricia Evarista"]
[Black "Vargas, Mauricio"]
[WhiteFideId "6412106"]
[BlackFideId "4404572"]
[WhiteElo "1919"]
[BlackElo "2025"]
[Result "1-0"]
[Round "11"]
[TimeControl "180+1"]
[Date "2022.11.23"]
[WhiteClock "0:00:58"]
[BlackClock "0:00:03"]

1. e4 e5 2. Nf3 d6 3. d4 Bd7 4. Bc4 Nc6 5. Nc3 h6 6. O-O g6 7. dxe5 Nxe5 8. Nxe5 dxe5 9. Qf3 Qf6 10. Qg3 c6 11. f4 Qe7 12. Be3 b6 13. fxe5 O-O-O 14. Rxf7 Qe8 15. Qxg6 Qxe5 16. Rxd7 Rxd7 17. Be6 Ne7 18. Qe8+ Kb7 19. Qxd7+ Ka6 20. Bc4+ b5 21. Bd3 Qb8 22. Bc5 Rh7 23. Bxe7 Rxe7 24. Qxc6+ Qb6+ 25. Qxb6+ Kxb6 26. Nd5+ Kb7 27. Nxe7 Bxe7 28. Bxb5 a6 29. Bd3 Bc5+ 30. Kh1 h5 31. b3 Bd4 32. Rf1 h4 33. g4 1-0


[Site "https://www.chess.com"]

[Event "Titled Tuesday Blitz November 22 Late 2022"]
[White "Corrales Jimenez, Fidel"]
[Black "Sabuk, Piotr"]
[WhiteFideId "3506690"]
[BlackFideId "1137565"]
[WhiteElo "2541"]
[BlackElo "2326"]
[Result "1-0"]
[Round "11"]
[TimeControl "180+1"]
[Date "2022.11.23"]
[WhiteClock "0:00:07"]
[BlackClock "0:00:05"]

1. b3 e5 2. Bb2 Nc6 3. c4 g6 4. g3 Bg7 5. Bg2 Nge7 6. Nc3 O-O 7. e3 d6 8. Nge2 Be6 9. d4 exd4 10. exd4 d5 11. c5 Nf5 12. Na4 Re8 13. O-O Nb8 14. Nf4 c6 15. b4 Nd7 16. Nxe6 Rxe6 17. Bh3 Qf6 18. Qd3 Rae8 19. Rad1 Re4 20. Nc3 Rxd4 21. Nxd5 Rxd5 22. Bxf6 Rxd3 23. Bxg7 Rxd1 24. Rxd1 Nxc5 25. Ba1 Ne6 26. Bf6 Nf8 27. a4 h5 28. Kg2 Re6 29. Ba1 Rd6 30. Rxd6 Nxd6 31. Be5 Nc4 32. Bd4 b6 33. Bc8 Ne6 34. Bc3 Kf8 35. Bb7 c5 36. b5 Ke7 37. Bd5 Nd6 38. h4 Nd4 39. f3 N6f5 40. Kf2 f6 41. Bd2 Kd6 42. Bc4 Ne6 43. Be1 Nfd4 44. g4 f5 45. g5 Ke5 46. Bd2 f4 47. Bd3 Nf5 48. Bc3+ Ned4 49. a5 Nxh4 50. a6 Nf5 51. Bc4 Nd6 52. Bd3 Ke6 53. Bxg6 N6xb5 54. Bd2 Ke5 55. Bxh5 Kf5 56. g6 Kf6 57. Bxf4 Nf5 58. Bc1 Nbd6 59. Bb2+ Kg5 60. g7 Nxg7 61. Bg4 Ngf5 62. Be5 Nd4 63. Kg3 N4b5 64. f4+ Kg6 65. Be2 Nf5+ 66. Kg4 Nbd4 67. Bd3 c4 68. Be4 c3 69. Bxd4 c2 70. Bxf5+ Kh6 71. Bxc2 b5 72. Bf6 b4 73. Kf5 b3 74. Bxb3 Kh7 75. Bd1 Kh6 76. Bg4 Kh7 77. Kg5 1-0


[Site "https://www.chess.com"]

[Event "Titled Tuesday Blitz November 22 Late 2022"]
[White "Curtis, John"]
[Black "D`Arruda, Ricardo D."]
[WhiteFideId "3200256"]
[BlackFideId "100692"]
[WhiteElo "2203"]
[BlackElo "2482"]
[Result "1/2-1/2"]
[Round "11"]
[TimeControl "180+1"]
[Date "2022.11.23"]
[WhiteClock "0:00:09"]
[BlackClock "0:00:18"]

1. e4 c5 2. Nf3 Nc6 3. Bb5 g6 4. O-O Bg7 5. Re1 Nf6 6. e5 Nd5 7. c3 O-O 8. h3 d6 9. Bxc6 bxc6 10. exd6 exd6 11. d3 Rb8 12. Na3 Re8 13. Rxe8+ Qxe8 14. Nc4 Qd8 15. Bg5 f6 16. Bh4 Be6 17. Bg3 Bf8 18. Qa4 Qc7 19. Re1 Bf7 20. Qc2 Nb6 21. b3 Re8 22. Rxe8 Bxe8 23. Nxb6 axb6 24. c4 Qd7 25. d4 d5 26. cxd5 Qxd5 27. dxc5 Bxc5 28. Bf4 Kg7 29. Be3 Bxe3 30. fxe3 c5 31. e4 Qe6 32. Qe2 Bc6 33. e5 f5 34. Kf2 h6 35. Qa6 Bd5 36. Qa7+ Kf8 37. Qh7 g5 38. Qh8+ Ke7 39. Qg7+ Kd8 40. Qf8+ Kc7 41. Qg7+ Kc6 42. Kg3 f4+ 43. Kf2 b5 44. Qh8 Bxf3 45. gxf3 Kd5 46. Qb8 Qxe5 47. Qxb5 Qe3+ 48. Kg2 Qd2+ 49. Kf1 Qc1+ 50. Kf2 Qb2+ 51. Qe2 Qd4+ 52. Kf1 h5 53. Kg2 Qe3 54. Qxe3 fxe3 55. Kf1 Kd4 56. Ke2 Kc3 57. a4 Kxb3 58. a5 c4 59. a6 c3 60. a7 c2 61. a8=Q c1=Q 62. Qb7+ Ka4 63. Qa6+ Kb4 64. Qb6+ Ka4 65. Qa6+ Kb4 66. Qb6+ Ka4 67. Qa6+ 1/2-1/2


[Site "https://www.chess.com"]

[Event "Titled Tuesday Blitz November 22 Late 2022"]
[White "Czopor, Maciej"]
[Black "Fernandez Guillen, Ernesto J."]
[WhiteFideId "21805431"]
[BlackFideId "3512428"]
[WhiteElo "2324"]
[BlackElo "2450"]
[Result "0-1"]
[Round "11"]
[TimeControl "180+1"]
[Date "2022.11.23"]
[WhiteClock "0:00:06"]
[BlackClock "0:00:19"]

1. c4 e5 2. Nc3 Nc6 3. e3 f5 4. a3 Nf6 5. b4 d6 6. Bb2 g5 7. b5 Ne7 8. d4 e4 9. h4 gxh4 10. d5 Bg7 11. Nce2 Ng6 12. Nh3 Qe7 13. Nhf4 Ng4 14. Bxg7 Qxg7 15. Qd4 Qxd4 16. Nxd4 N4e5 17. Be2 Ke7 18. Kd2 Bd7 19. Kc3 a6 20. a4 Nxf4 21. exf4 Ng6 22. g3 axb5 23. axb5 Rxa1 24. Rxa1 hxg3 25. fxg3 h5 26. Ra7 h4 27. gxh4 Rb8 28. h5 Nxf4 29. Bd1 Kf6 30. Nc6 bxc6 31. dxc6 Bxc6 32. bxc6 Ne6 33. c5 d5 34. Bb3 Ke5 35. Rb7 Rh8 36. Bd1 Rg8 37. h6 Rg3+ 38. Kb4 Rh3 39. Rb8 Rxh6 40. Re8 Kd4 41. Re7 Nxc5 42. Kb5 Ne6 43. Bb3 f4 44. Rd7 Rh5 45. Re7 Re5 46. Ka6 e3 47. Kb7 e2 48. Bxd5 Kxd5 0-1


[Site "https://www.chess.com"]

[Event "Titled Tuesday Blitz November 22 Late 2022"]
[White "Deac, Bogdan-Daniel"]
[Black "Kamsky, Gata"]
[WhiteFideId "1226380"]
[BlackFideId "2000024"]
[WhiteElo "2648"]
[BlackElo "2666"]
[Result "1-0"]
[Round "11"]
[TimeControl "180+1"]
[Date "2022.11.23"]
[WhiteClock "0:00:07"]
[BlackClock "0:00:01"]

1. e4 e5 2. Nf3 Nc6 3. Bb5 a6 4. Bxc6 dxc6 5. Nc3 Qd6 6. d4 exd4 7. Qxd4 Qxd4 8. Nxd4 Bd7 9. Bf4 O-O-O 10. O-O-O Ne7 11. f3 Ng6 12. Bg3 f6 13. Rd2 Bb4 14. Nde2 Rhe8 15. Rhd1 Bc5 16. Rd3 Ne5 17. Bxe5 fxe5 18. Ng3 g6 19. Nf1 Be6 20. Rxd8+ Rxd8 21. Rxd8+ Kxd8 22. b3 Ke7 23. Kd2 h5 24. Ne2 b5 25. Ne3 Kf6 26. Kd3 Ba7 27. Nc1 Bc5 28. Kd2 a5 29. Nd3 Bb6 30. h4 a4 31. g3 axb3 32. axb3 Bd4 33. b4 Ba7 34. c3 Bc8 35. f4 exf4 36. gxf4 Bd7 37. Nc5 Be8 38. Nc2 Ke7 39. e5 Bf7 40. Nd4 Bd5 41. Ke3 Bb6 42. f5 gxf5 43. Nxf5+ Kf7 44. Kf4 Bc4 45. Nd4 Bd5 46. Kf5 Bc4 47. e6+ Kg7 48. Ke5 Bf1 49. Nf5+ Kg6 50. Ne7+ Kg7 51. Nxc6 Bg2 52. Nd4 Bf1 53. Nf5+ Kg6 54. Ne3 Be2 55. Nd5 Bc4 56. Nf4+ 1-0


[Site "https://www.chess.com"]

[Event "Titled Tuesday Blitz November 22 Late 2022"]
[White "Desideri, Ricardo Maruchi"]
[Black "Marchesich, Giovanni"]
[WhiteFideId "2110440"]
[BlackFideId "2824790"]
[WhiteElo "1945"]
[BlackElo "2200"]
[Result "1-0"]
[Round "11"]
[TimeControl "180+1"]
[Date "2022.11.23"]
[WhiteClock "0:01:21"]
[BlackClock "0:02:42"]

1. e4 f6 2. d4 g6 3. e5 f5 4. Nc3 e6 5. Nf3 Nh6 6. Bg5 Be7 7. Bxh6 Nc6 8. Qd2 a6 9. h4 b5 10. a3 Bb7 11. Bg5 Kf7 12. Bxe7 Qxe7 13. Ng5+ Kg7 14. O-O-O Na5 15. d5 exd5 16. Nxd5 Qc5 17. Qxa5 Bxd5 18. Qb4 Qc6 19. Qd4 Be6 20. Nxe6+ dxe6 21. Qd7+ Qxd7 22. Rxd7+ Kh6 23. Rxc7 Rhd8 24. Be2 Rd4 25. g3 Rad8 26. Rd1 Rxd1+ 27. Bxd1 Rd5 28. f4 a5 29. Rc6 1-0


[Site "https://www.chess.com"]

[Event "Titled Tuesday Blitz November 22 Late 2022"]
[White "Feng, Eric"]
[Black "Brown, Andrew"]
[WhiteFideId "30952590"]
[BlackFideId "3206513"]
[WhiteElo "1785"]
[BlackElo "2245"]
[Result "0-1"]
[Round "11"]
[TimeControl "180+1"]
[Date "2022.11.23"]
[WhiteClock "0:01:25"]
[BlackClock "0:00:22"]

1. d4 g6 2. c4 Bg7 3. Nf3 c5 4. d5 b5 5. cxb5 a6 6. bxa6 Bxa6 7. Nc3 d6 8. e4 Bxf1 9. Kxf1 Qa5 10. Bd2 Nf6 11. g3 O-O 12. Kg2 Qb4 13. Qc2 Nbd7 14. a4 Rfb8 15. Nb5 Qxe4 16. Qxe4 Nxe4 17. Rhe1 Nxd2 18. Nxd2 Bxb2 19. Rab1 Bf6 20. Nc7 Rxb1 21. Rxb1 Rxa4 22. Rb7 c4 23. Ne4 c3 24. Nxc3 Bxc3 25. Ne8 Nf6 26. Nc7 Ra2 27. Rb3 Bd4 28. Rf3 Ng4 29. Rd3 Rxf2+ 30. Kh3 h5 31. Kh4 Bf6+ 32. Kh3 Rxh2# 0-1


[Site "https://www.chess.com"]

[Event "Titled Tuesday Blitz November 22 Late 2022"]
[White "Fernandez Garcia, Gumersindo"]
[Black "Barria Zuniga, Daniel"]
[WhiteFideId "24516740"]
[BlackFideId "3400816"]
[WhiteElo "2140"]
[BlackElo "2414"]
[Result "1-0"]
[Round "11"]
[TimeControl "180+1"]
[Date "2022.11.23"]
[WhiteClock "0:01:38"]
[BlackClock "0:00:43"]

1. e4 c5 2. c3 d5 3. exd5 Qxd5 4. d4 Nc6 5. Nf3 Bf5 6. Be2 cxd4 7. cxd4 Bxb1 8. Rxb1 e6 9. O-O Nf6 10. Qa4 Be7 11. Bc4 Qd6 12. Be3 O-O 13. Rfd1 Rfd8 14. Bb5 Nb4 15. Ne5 a6 16. Be2 b5 17. Qb3 Nbd5 18. Bf3 Rac8 19. Rbc1 Qb6 20. g4 h6 21. h4 Rxc1 22. Rxc1 Nh7 23. Nc6 Rd7 24. Bxd5 exd5 25. Nxe7+ Rxe7 26. Qxd5 Re8 27. Qc6 Qd8 28. g5 hxg5 29. hxg5 Rxe3 30. fxe3 Qxg5+ 31. Kf2 Qh4+ 32. Ke2 Nf6 33. Qa8+ Kh7 34. Rh1 1-0


[Site "https://www.chess.com"]

[Event "Titled Tuesday Blitz November 22 Late 2022"]
[White "Ferreira, Vitor Hugo Vieira"]
[Black "Shapiro, Daniel"]
[WhiteFideId "2119765"]
[BlackFideId "2001780"]
[WhiteElo "2168"]
[BlackElo "2321"]
[Result "1-0"]
[Round "11"]
[TimeControl "180+1"]
[Date "2022.11.23"]
[WhiteClock "0:00:13"]
[BlackClock "0:00:17"]

1. e4 e5 2. Nf3 Nc6 3. d4 exd4 4. Bc4 d6 5. O-O Be7 6. Nxd4 Nf6 7. Nc3 Bd7 8. Kh1 O-O 9. a3 Re8 10. f4 Bf8 11. Re1 Ng4 12. Re2 Qh4 13. Nf3 Nf2+ 14. Rxf2 Qxf2 15. Ng5 Re7 16. Nd5 Rae8 17. Be3 Qh4 18. g3 Qh6 19. f5 Bxf5 20. Nxf7 Qh3 21. Nxe7+ Rxe7 22. Ng5+ Kh8 23. Nxh3 Bxe4+ 24. Kg1 Ne5 25. Bd5 Nf3+ 26. Kf2 1-0


[Site "https://www.chess.com"]

[Event "Titled Tuesday Blitz November 22 Late 2022"]
[White "Figorito, Nick"]
[Black "Antonova, Nadezhda"]
[WhiteFideId "30923689"]
[BlackFideId "14700182"]
[WhiteElo "2277"]
[BlackElo "1813"]
[Result "1/2-1/2"]
[Round "11"]
[TimeControl "180+1"]
[Date "2022.11.23"]
[WhiteClock "0:00:04"]
[BlackClock "0:00:02"]

1. Nf3 Nf6 2. g3 g6 3. Bg2 Bg7 4. O-O O-O 5. c4 d6 6. Nc3 Nc6 7. d3 e5 8. Rb1 a5 9. a3 Nd4 10. b4 axb4 11. axb4 c6 12. b5 Qc7 13. Be3 Nxf3+ 14. Bxf3 Be6 15. bxc6 bxc6 16. Rb6 d5 17. cxd5 cxd5 18. Nb5 Qe7 19. Qb1 Rfb8 20. Nd6 Rxb6 21. Qxb6 Nd7 22. Qb7 Rb8 23. Qc7 Bf8 24. Nb7 d4 25. Bd2 Qe8 26. Bc6 Qc8 27. Qxc8 Rxc8 28. Bg2 Nc5 29. Nxc5 Rxc5 30. Rc1 Rxc1+ 31. Bxc1 f5 32. Bf3 Kf7 33. h4 Bd6 34. Kg2 Ke7 35. Bc6 Bd7 36. Bxd7 Kxd7 37. f3 Ke6 38. Bb2 Kd5 39. Kf2 Kc6 40. Bc1 Kb5 41. Bd2 Ka4 42. Bg5 Kb3 43. Bf6 Kc2 44. f4 exf4 45. gxf4 Bxf4 46. Bxd4 Kd1 47. Be3 Bd6 48. Bg5 Bb4 49. e4 fxe4 50. dxe4 Bd6 51. Ke3 Bb4 52. Kd4 Ba3 53. e5 Bb2+ 54. Kd5 Ke2 55. e6 Ba3 56. e7 Bxe7 57. Bxe7 Kf3 58. Ke5 Kg4 59. Ke6 h6 60. Kf7 g5 61. hxg5 hxg5 62. Bxg5 1/2-1/2


[Site "https://www.chess.com"]

[Event "Titled Tuesday Blitz November 22 Late 2022"]
[White "Gareyev, Timur"]
[Black "Zhu, Jiner"]
[WhiteFideId "14200937"]
[BlackFideId "8608059"]
[WhiteElo "2552"]
[BlackElo "2384"]
[Result "1-0"]
[Round "11"]
[TimeControl "180+1"]
[Date "2022.11.23"]
[WhiteClock "0:00:15"]
[BlackClock "0:01:29"]

1. g4 d5 2. Bg2 Bxg4 3. c4 c6 4. Qb3 Qc8 5. cxd5 cxd5 6. Nc3 e6 7. Qa4+ Nc6 8. Qxg4 Nf6 9. Qa4 g6 10. Nf3 Bg7 11. d3 O-O 12. h4 h5 13. Bg5 a6 14. Rc1 Qd7 15. O-O b5 16. Qf4 Ng4 17. Qg3 b4 18. Na4 Nd4 19. Nxd4 Qxa4 20. Nc6 Qxa2 21. f3 Nf6 22. Qf4 Nh7 23. Bh6 Qxb2 24. d4 Bxh6 25. Qxh6 a5 26. Ne7+ Kh8 27. Nxg6+ fxg6 28. Rc7 1-0


[Site "https://www.chess.com"]

[Event "Titled Tuesday Blitz November 22 Late 2022"]
[White "Graif, William"]
[Black "Dudzinski, Pawel"]
[WhiteFideId "2609835"]
[BlackFideId "1117890"]
[WhiteElo "2205"]
[BlackElo "2086"]
[Result "0-1"]
[Round "11"]
[TimeControl "180+1"]
[Date "2022.11.23"]
[WhiteClock "0:00:14"]
[BlackClock "0:00:11"]

1. e4 c6 2. d4 d5 3. Nc3 g6 4. Nf3 Bg7 5. e5 Nh6 6. Be2 f6 7. O-O O-O 8. exf6 exf6 9. Re1 Nf7 10. Bd3 Nd7 11. a4 f5 12. h4 Nf6 13. Ng5 Ne4 14. Nxf7 Rxf7 15. g3 Bxd4 16. Bxe4 dxe4 17. Be3 Bf6 18. Qxd8+ Bxd8 19. Rad1 Bd7 20. Ne2 Bf6 21. Bd4 Be6 22. Bxf6 Rxf6 23. Rd6 Kg7 24. Nf4 Bf7 25. Rd7 Rb8 26. Red1 Kg8 27. Rc7 Be8 28. Re7 Rf7 29. Re5 Kf8 30. Rd6 Bd7 31. b3 Re8 32. Rxe8+ Kxe8 33. h5 Ke7 34. hxg6 Kxd6 35. gxf7 Ke7 36. Kf1 Kxf7 37. Ke2 Kf6 38. Ke3 Ke5 39. Ng2 c5 40. c3 b6 41. Nf4 a6 42. Ne2 a5 43. c4 Be8 44. Nc3 Bf7 45. Nb5 Bh5 46. Nc3 Bf7 47. Nb5 h6 48. Na7 Bh5 49. Nc8 Bd1 50. Nxb6 Bxb3 51. Nd7+ Kd6 52. Nb6 Kc6 53. Nd5 Bxc4 54. Ne7+ Kd7 55. Nxf5 Bb3 56. Nxh6 Bc2 57. Nf5 Ke6 58. g4 Ke5 59. Ng3 Bxa4 60. Ne2 Bc6 61. Nc3 a4 62. g5 a3 63. g6 Kf6 64. Na2 Kxg6 65. Kd2 Kf5 66. Kc3 Kf4 67. Kb3 Bd5+ 68. Kxa3 Bxa2 69. Kxa2 Kf3 70. Kb3 Kxf2 71. Kc3 e3 72. Kc4 e2 73. Kxc5 e1=Q 74. Kd6 Qe4 75. Kd7 Kf3 76. Kc7 Kf4 77. Kd7 Kf5 78. Kd6 Kf6 79. Kd7 Qe5 80. Kc6 Ke7 81. Kb6 Qc3 82. Ka6 Qb2 83. Ka7 Kd7 84. Ka8 Kc6 85. Ka7 Qb7# 0-1


[Site "https://www.chess.com"]